 Dungeon Crawl Stone Soup version 0.17-a0-1468-gbf503c2 (webtiles) character file.

52 pulse the Chopper (level 4, -1/35 HPs)
             Began as a Formicid Berserker on July 1, 2015.
             Was a Believer of Trog.
             Slain by a kobold
             ... wielding a +0 spear
              (5 damage)
             ... on level 2 of the Dungeon.
             The game lasted 00:01:44 (1352 turns).

pulse the Chopper (Formicid Berserker)              Turns: 1352, Time: 00:01:45

Health: -1/35      AC:  2    Str: 22    XL:     4   Next: 8%
Magic:  4/4        EV: 12    Int:  7    God:    Trog [**....]
Gold:   18         SH:  0    Dex: 10    Spells: 0 memorised, 3 levels left

rFire  . . .     SeeInvis +     a - +0 hand axe
rCold  . . .     Clarity  .     b - +0 animal skin
rNeg   . . .     SustAt   .     (no shield)
rPois  .         Gourm    .     (helmet unavailable)
rElec  .         Spirit   .     (no cloak)
rCorr  +         Warding  .     (no gloves)
rMut   .         Stasis   +     (no boots)
MR     .....                    h - amulet of resist corrosion
Stlth  +.........               (no ring)
                                (no ring)

@: not resistant to hostile enchantments, very unstealthy
A: permanent stasis, dig shafts and tunnels, four strong arms, antennae 3
a: Dig, Shaft Self, Burn Spellbooks, Trog's Hand, Renounce Religion


You were on level 2 of the Dungeon.
You worshipped Trog.
Trog was pleased with you.
You were hungry.

You visited 1 branch of the dungeon, and saw 2 of its levels.

You collected 18 gold pieces.

Inventory:

Hand weapons
 a - a +0 hand axe (weapon)
Armour
 b - a +0 animal skin (worn)
Jewellery
 h - an amulet of resist corrosion (around neck)
Scrolls
 g - a scroll of identify {unknown}
Potions
 d - 2 potions of heal wounds {unknown}
 e - 3 potions of curing {unknown}
 i - 2 potions of degeneration {unknown}
 j - a potion of might {unknown}
Comestibles
 c - 2 bread rations
 f - a meat ration


   Skills:
 - Level 3.2 Fighting
 * Level 4.6 Axes
 - Level 2.1 Armour
 - Level 1.7 Dodging


You had 3 spell levels left.
You didn't know any spells.

Dungeon Overview and Level Annotations

Branches:
Dungeon (2/15)

Altars:

Annotations:
D:2 Sigmund


Innate Abilities, Weirdness & Mutations

You are under a permanent stasis effect.
You can dig through walls and to a lower floor.
Your four strong arms can wield two-handed weapons with a shield.
You have a pair of large antennae on your head (SInv).


Message History

Sigmund is moderately wounded.
The kobold hits you but does no damage.
Sigmund hits you with a scythe of freezing!
Sigmund freezes you.
You hit Sigmund.
Sigmund is moderately wounded.
The kobold closely misses you.
You hit Sigmund.
Sigmund is moderately wounded.
Sigmund casts a spell.
Sigmund flickers and vanishes for a moment.
The kobold completely misses you.
You completely miss Sigmund.
Sigmund is moderately wounded.
Sigmund hits you with a scythe of freezing!
* * * LOW HITPOINT WARNING * * *
Sigmund freezes you.
* * * LOW HITPOINT WARNING * * *
The kobold hits you from afar with a spear.
You die...

#.# #.# #)# #. #.# #.#
#.# ##. #.# #.# #.#
####.. #.# ##.## #.#
#..... #.###...####
#.# #.##..
#.....#....# #.# ####
#####.....
#####...##.# #.# ...
..##..##. ##.###.#
#.##@#######.##..###
#.# #.#
#..@..........#..#
######.# #.#
####.#######..#..#
.......# #.#
#K#######..#..#
######## #.#
##.............# #.#
#.......##.###.#
#.#####.......##.# #.#
#....(........##.###.#
#######..............#
#.......########


You could see Sigmund (invisible) and a kobold.

Vanquished Creatures
  An adder (D:2)
  A worm (D:2)
  2 giant geckos (D:1)
  3 goblins
  3 hobgoblins
  6 jackals (D:1)
  5 kobolds
  A ball python (D:1)
  6 bats
  3 giant cockroaches (D:1)
  4 giant newts
  6 rats
41 creatures vanquished.

Notes
Turn   | Place    | Note
--------------------------------------------------------------
     0 | D:1      | pulse the Formicid Berserker began the quest for the Orb.
     0 | D:1      | Reached XP level 1. HP: 18/18 MP: 1/1
    99 | D:1      | Reached XP level 2. HP: 22/24 MP: 2/2
   242 | D:1      | Acquired Trog's second power
   374 | D:1      | Reached skill level 4 in Axes
   374 | D:1      | Reached XP level 3. HP: 21/29 MP: 3/3
  1146 | D:2      | Reached XP level 4. HP: 35/35 MP: 4/4
  1341 | D:2      | Noticed Sigmund
  1352 | D:2      | Slain by a kobold

Vault maps used:
D:1:      lemuel_arrival_hallway
D:2:      first_bread, uniq_sigmund

Action                   |  1- 3 |  4- 6 || total
-------------------------+-------+-------++-------
Melee: Hand axe          |   134 |    17 ||   151
  Use: Scroll            |     2 |       ||     2
  Eat: Chunk             |     1 |       ||     1
